[Event "*** SCC Grand Prix: Titled Tuesday Blitz"]
[Site "Chess.com"]
[Date "2020.07.07"]
[Round "5"]
[White "Budisavljevic"]
[Black "Skatchkov_V"]
[Result "1-0"]
[WhiteElo "2409"]
[BlackElo "2529"]
[TimeControl "180+1"]
[EndTime "10:57:17 PDT"]
[Termination "Budisavljevic won by checkmate"]

1. d4 Nf6 2. Nf3 e6 3. Bf4 d5 4. e3 c5 5. c3 Nc6 6. Nbd2 Bd6 7. Bg3 O-O 8. Bd3 b6 9. e4 Be7 10. e5 Nh5 11. Ng5 Bxg5 12. Qxh5 g6 13. Qe2 cxd4 14.
h4 Bh6 15. h5 Bg7 16. h6 Bh8 17. Nf3 dxc3 18. bxc3 Bd7 19. O-O Rc8 20. Qe3 Na5 21. Ba6 Rc5 22. Bh4 Qc7 23. Be7 Rxc3 24. Qf4 Nc6 25. Bxf8 Kxf8 26. Ng5 Nxe5 27. Nxh7+ Ke7 28.
Qb4+ Qc5 29. Qh4+ f6 30. Rae1 g5 31. Qh5 Be8 32. Qh2 Qd4 33. Rxe5 Qxe5 34. Qxe5 fxe5 35. Nxg5 b5 36. Rb1 Rc6 37. Bxb5 Rb6 38. Bd3 e4 39. Rxb6 axb6 40. Be2 Kf6 41. Nh3 e5 42. Kf1 d4 43.
Bd1 Kg6 44. Bc2 d3 45. Bb1 Bb5 46. Ke1 Kxh6 47. Kd2 Bf6 48. Ke3 Be7 49. Ng1 Bc5+ 50.
Kxe4 d2 51. Bc2 Ba4 52. Bxa4 Bxf2 53. Nh3 Be1 54. Bd1 Kg6 55. Kxe5 Kf7 56. Nf4 b5 57. g4 b4 58. g5 Kg7 59. Kf5 Bh4 60. Ne6+ Kf7 61. g6+ Kg8 62. Nf4 Bg3 63. Nd5 Bd6 64. Ne3 Kg7 65. Kg5 Bc5 66. Nf5+ Kg8 67. Bb3+ Kh8 68. g7+ Kh7 69. g8=Q# 1-0

[Event "*** SCC Grand Prix: Titled Tuesday Blitz"]
[Site "Chess.com"]
[Date "2020.07.07"]
[Round "5"]
[White "ajdemipopushi"]
[Black "ShahMatKanal"]
[Result "1-0"]
[WhiteElo "2363"]
[BlackElo "2483"]
[TimeControl "180+1"]
[EndTime "10:57:17 PDT"]
[Termination "ajdemipopushi won by resignation"]

1. Nf3 d5 2. g3 Nf6 3. c4 e6 4. Bg2 Be7 5. O-O O-O 6. d4 c6 7. b3 b6 8. Bb2 a5 9. Nc3 Ba6 10. Ne5 Nfd7 11. Nxd7 Nxd7 12. Re1 b5 13. cxd5 cxd5 14.
e4 b4 15. Na4 dxe4 16. Bxe4 Rc8 17. d5 exd5 18. Bxd5 Bf6 19. Rc1 Rxc1 20. Qxc1 Ne5 21.
Be4 Nd3 22. Bxd3 Qxd3 23. Bxf6 gxf6 24. Nc5 Qb5 25. Nxa6 Qxa6 26. Qf4 Rd8 27. Qf3 Qd6 28. h4 Kh8 29. Kg2 Qd5 30. Re8+ Kg7 31. Qxd5 Rxd5 32. Ra8 h5 33. Ra6 Rc5 34. Kf3 Kg6 35. Ke4 Re5+ 36. Kd4 Re2 37. Rxa5 Rxf2 38. Kc4 Rf3 39.
Kxb4 Rxg3 40. Rc5 f5 41. a4 f4 42. a5 Kf6 43. a6 Rg8 44. Ra5 Ra8 45. Kc5 f3 46. Ra1 Kf5 47. b4 Kf4 48. b5 f2 49.
Kb6 Re8 50. Rf1 Kg3 51. a7 Kg2 52. Rxf2+ Kxf2 53. Kb7 Kg3 54. a8=Q Rxa8 55. Kxa8 f5 56. b6 f4 57. b7 f3 58. b8=Q+ Kxh4 59. Qf4+ Kh3 60.
Qxf3+ Kh4 61. Qh1+ Kg4 62. Kb7 h4 63. Kc6 h3 64. Kd5 Kg3 65. Kd4 Kg4 66. Ke3 Kg3 67. Ke2 Kg4 68. Kf2 Kh4 69. Kf3 Kg5 70. Qxh3 1-0

[Event "*** SCC Grand Prix: Titled Tuesday Blitz"]
[Site "Chess.com"]
[Date "2020.07.07"]
[Round "5"]
[White "hongnhung1234"]
[Black "Joseacorrea"]
[Result "0-1"]
[WhiteElo "2202"]
[BlackElo "1922"]
[TimeControl "180+1"]
[EndTime "10:57:17 PDT"]
[Termination "Joseacorrea won by checkmate"]

1. e4 c5 2. Nc3 g6 3. f4 Bg7 4. Nf3 Nc6 5. Bc4 e6 6. O-O Nge7 7. d3 O-O 8. Qe1 d5 9. Bb3 Nd4 10. Nxd4 cxd4 11. Ne2 dxe4 12. dxe4 Nc6 13. Ng3 Qb6 14.
Kh1 a5 15. f5 a4 16. Bc4 Na5 17. Bd3 exf5 18. exf5 Bd7 19. Qe4 Bc6 20. Qh4 Bf6 21. Qh3 Bd7 22. Bh6 Rfe8 23. Ne4 Bh8 24. Qg3 Be5 25.
Qg4 Kh8 26. Ng5 Bg7 27. Nxf7+ Kg8 28. Bxg7 Kxg7 29. Qh4 Bxf5 30. Bxf5 gxf5 31. Ng5 Qh6 32. Qxh6+ Kxh6 33. Rxf5 Kg6 34. Raf1 Rac8 35. h4 Nc4 36. Rf6+ Kg7 37. Ne6+ Kg8 38. Nxd4 Ne3 39. Re1 Nd5 40. Rxe8+ Rxe8 41. Rd6 Ne3 42. Kh2 Ng4+ 43. Kg3 Nf2 44. Rd7 Ne4+ 45. Kh2 Nf6 46. Rxb7 Re2 47. Nf5 Ng4+ 48.
Kg3 Ne3 49. Nxe3 Rxe3+ 50. Kf2 Re4 51. Rb8+ Kg7 52. Ra8 Kf6 53. c3 Kg6 54. Kf3 Re5 55. Ra6+ Kh5 56. Rxa4 Rb5 57. Rf4 Rxb2 58. g4+ Kg6 59.
Rf7 Kxf7 60. h5 Kg7 61. g5 Rxa2 62. Kg4 Ra3 63. h6+ Kg6 64. c4 Rc3 65. c5 Rc4+ 66.
Kf3 Kxg5 67. Kg3 Rxc5 68. Kh3 Rc4 69. Kh2 Kxh6 70. Kh3 Kg5 71. Kg3 Rc3+ 72. Kf2 Kf4 73. Ke2 Re3+ 74. Kd2 h5 75. Kd1 h4 76. Kd2 h3 77.
Kd1 h2 78. Kd2 h1=Q 79. Kc2 Qg2+ 80. Kd1 Rf3 81. Ke1 Rf1# 0-1

[Event "*** SCC Grand Prix: Titled Tuesday Blitz"]
[Site "Chess.com"]
[Date "2020.07.07"]
[Round "5"]
[White "Gahan-MG"]
[Black "DenLaz"]
[Result "0-1"]
[WhiteElo "2494"]
[BlackElo "2692"]
[TimeControl "180+1"]
[EndTime "10:57:18 PDT"]
[Termination "DenLaz won by resignation"]

1. e4 e5 2. Nf3 Nc6 3. d4 exd4 4. Nxd4 Bc5 5. Nb3 Bb6 6. Nc3 d6 7. Qe2 Nf6 8. Be3 Be6 9. O-O-O Qe7 10. f3 O-O-O 11. g4 Nd7 12. f4 Bxg4 13. Qxg4 Bxe3+ 14. Kb1 Qe6 15. Qf3 Bb6 16. Bh3 Qh6 17. Nd5 Kb8 18. Bxd7 Rxd7 19. a4 Re8 20. h4 a6 21. h5 Ba7 22. Rh2 Ne7 23. Qg4 Rdd8 24. Rg2 Nxd5 25. exd5 g6 26. f5 Qxh5 27. Qxh5 gxh5 28. Rg7 h4 29.
Rxh7 Rh8 30. Rxf7 h3 31. Rh1 h2 32. Rg7 Bg1 33. Nd2 Rdg8 34. Rxg8+ Rxg8 35. Nf3 Rg2 36. f6 Rf2 37. Nxh2 Bxh2 38. f7 Be5 39. Rh7 Ka7 40. c3 Kb6 41. Ka2 a5 42. Kb3 Kc5 43. f8=Q Rxf8 44. Rxc7+ Kb6 45. Rh7 Rf1 46. Kc4 Rf4+ 47. Kb3 Rf2 48. Rh4 Rd2 49. c4 Rxb2+ 50. Ka3 Rb4 51. Re4 Kc5 52. Re2 Rxc4 53. Re1 b5 54.
axb5 Kxb5 55. Rb1+ Kc5 56. Re1 a4 57. Rd1 Rd4 58.
Rc1+ Kxd5 59. Rb1 Ke4 60. Re1+ Kd3 61. Rd1+ Ke2 62. Rh1 d5 63. Rh2+ Bxh2 0-1

[Event "*** SCC Grand Prix: Titled Tuesday Blitz"]
[Site "Chess.com"]
[Date "2020.07.07"]
[Round "5"]
[White "Sacbutt"]
[Black "Margarita2907"]
[Result "1-0"]
[WhiteElo "2305"]
[BlackElo "2090"]
[TimeControl "180+1"]
[EndTime "10:57:18 PDT"]
[Termination "Sacbutt won by resignation"]

1. d4 d5 2. c4 e6 3. Nc3 Nf6 4. Bg5 Be7 5. e3 h6 6. Bh4 O-O 7. Nf3 Nbd7 8. cxd5 Nxd5 9. Bxe7 Qxe7 10. Nxd5 exd5 11.
Rc1 c6 12. Bd3 Nf6 13. O-O Ne4 14. Bxe4 dxe4 15. Ne5 Qg5 16. Kh1 Be6 17. b3 f5 18.
Qc2 Bd5 19. g3 h5 20. h4 Qh6 21. Qc5 Rfd8 22. Qe7 Rab8 23. Rc5 Qd6 24. Qg5 Rf8 25.
Qxh5 Rf6 26. Rcc1 Rh6 27. Qg5 Rf8 28. Kg2 Qe6 29. Rh1 a5 30. Rc5 a4 31. bxa4 Bxa2 32. a5 Bd5 33. Rc2 Ra8 34. Rb2 Ra7 35. Rhb1 c5 36.
Rb6 Bc6 37. Nxc6 bxc6 38. dxc5 Rxa5 39. Rb8+ Kh7 40. Qd8 Kg6 41. Qe8+ Qxe8 42. Rxe8 Rxc5 43. Re6+ Kh7 44. Re7 Rc2 45. Rbb7 Rg6 46. Kf1 Rc1+ 47. Ke2 Rc2+ 48. Ke1 Rc1+ 49. Ke2 Ra1 50. Kd2 Ra2+ 51.
Ke1 Ra1+ 52. Ke2 Ra2+ 53. Kf1 Ra1+ 54. Kg2 Ra2 55. Rbc7 Rc2 56. Rf7 Ra2 57. Rxf5 Rc2 58. Rh5+ Kg8 59. Re5 Kh7 60. Rxe4 Rc5 61. Rf4 Rc2 62. Rc8 c5 63. Rff8 Rb6 64. Rh8+ Kg6 65. h5+ Kf6 66. h6 gxh6 67. Rxh6+ Ke7 68. Rxb6 c4 69. Rbc6 c3 70. Rxc3 1-0

[Event "*** SCC Grand Prix: Titled Tuesday Blitz"]
[Site "Chess.com"]
[Date "2020.07.07"]
[Round "5"]
[White "Sychev_Klementy"]
[Black "Korchmar_Vasiliy"]
[Result "0-1"]
[WhiteElo "2793"]
[BlackElo "2627"]
[TimeControl "180+1"]
[EndTime "10:57:20 PDT"]
[Termination "Korchmar_Vasiliy won by resignation"]

1. e4 c5 2. Nf3 d6 3. d4 cxd4 4.
Nxd4 Nf6 5. Nc3 Nc6 6. Bg5 e6 7.
Bb5 Bd7 8. Bxc6 bxc6 9. Qf3 Be7 10.
e5 Nd5 11. Bxe7 Qxe7 12. Qg3 O-O 13. exd6 Qf6 14. Nb3 e5 15. Ne4 Qh6 16. Rd1 f5 17.
Nec5 f4 18. Qf3 Bf5 19. c4 e4 20. Qe2 f3 21. Qf1 Nf4 22. gxf3 exf3 23. Rd2 Bh3 24.
Qg1 Bg2 25. Kd1 Nh3 26. Qe1 Rae8 27. d7 Rd8 28. Qe6+ Qxe6 29. Nxe6 Bxh1 30. Nbc5 Nxf2+ 31. Rxf2 Bg2 32. Nxf8 Kxf8 33. Ne6+ Ke7 34. Nxd8 Kxd8 35. Rd2 g5 36. Ke1 g4 37. Kf2 h5 38. Kg3 Bf1 39. b3 Be2 40. a4 h4+ 41. Kf2 g3+ 42.
hxg3 h3 43. Kg1 h2+ 44. Kxh2 f2 45. Rxe2 f1=Q 46. Rg2 Kxd7 47. g4 Qf4+ 48. Kg1 Qe3+ 49. Kh2 Qxb3 50. g5 Qxc4 51. g6 Qh4+ 52. Kg1 Qe1+ 53.
Kh2 Qe5+ 54. Kg1 Qg7 55. Kf1 c5 56. Ke2 Kc6 57. Rg4 Kd5 58. Kd3 c4+ 59. Kc2 Kc5 60. a5 a6 61. Kd2 Kb4 62. Kc2 Kxa5 0-1

[Event "*** SCC Grand Prix: Titled Tuesday Blitz"]
[Site "Chess.com"]
[Date "2020.07.07"]
[Round "5"]
[White "ZAbdumalik"]
[Black "VitaliyBernadskiy"]
[Result "0-1"]
[WhiteElo "2587"]
[BlackElo "2761"]
[TimeControl "180+1"]
[EndTime "10:57:20 PDT"]
[Termination "VitaliyBernadskiy won by checkmate"]

1. e4 c5 2. Nf3 a6 3. c4 e6 4. Nc3 d6 5. d4 cxd4 6. Nxd4 Nf6 7. Be2 b6 8. O-O Bb7 9. f3 Nbd7 10. Be3 Be7 11.
Rc1 Rc8 12. Kh1 h6 13. b3 g5 14. Bd3 Ne5 15. Bb1 Nfd7 16. f4 gxf4 17. Bxf4 h5 18. Qe2 Bg5 19. Rce1 Qe7 20. Qd2 Bxf4 21. Qxf4 Kd8 22. a4 Kc7 23. a5 bxa5 24. Qd2 Kb8 25. Na4 Qd8 26. Nf3 Qc7 27. Ng5 Rcf8 28. Rd1 Nc5 29.
Qxd6 Qxd6 30. Rxd6 Nxb3 31. Bc2 Nxc4 32. Rd7 Nbd2 33. Rfxf7 Rxf7 34. Nxf7 Rc8 35. h4 Bxe4 36. Bxe4 Nxe4 37. Kh2 Nc5 38. Nxc5 Rxc5 39. Re7 a4 40. Rxe6 a3 41. Re2 Nb2 42. Re3 Ra5 43. Ne5 a2 44.
Nc6+ Kc7 45. Nxa5 a1=Q 46. Nb3 Qa4 47. g3 Qg4 48. Nc5 Nc4 49. Rc3 Kc6 50. Nd3 Qe2+ 51. Kh3 Kb5 52. Nf4 Qg4+ 53. Kh2 Ne5 54. Rb3+ Ka4 55.
Rb6 Nf3+ 56. Kh1 Qxg3 57. Rxa6+ Kb5 58. Ra2 Qxh4+ 59. Kg2 Qxf4 60. Rf2 Qg4+ 61. Kf1 Ng5 62. Rg2 Qc4+ 63. Kg1 Ne4 64. Kh2 h4 65. Rb2+ Kc5 66. Rg2 Kd4 67. Rg4 Ke5 68. Rxh4 Qe2+ 69. Kh3 Qf3+ 70.
Kh2 Qg3+ 71. Kh1 Nf2# 0-1

[Event "*** SCC Grand Prix: Titled Tuesday Blitz"]
[Site "Chess.com"]
[Date "2020.07.07"]
[Round "5"]
[White "SzMM19"]
[Black "Kezin_Roman"]
[Result "0-1"]
[WhiteElo "2575"]
[BlackElo "2750"]
[TimeControl "180+1"]
[EndTime "10:57:21 PDT"]
[Termination "Kezin_Roman won on time"]

1. e4 c5 2. c4 Nc6 3. Nc3 g6 4. g3 Bg7 5. Bg2 e6 6. Nge2 Nge7 7. O-O O-O 8. d3 d6 9. Rb1 b6 10. a3 Bb7 11. b4 Qd7 12. Be3 Nd4 13. Qd2 Rae8 14. Bg5 Nec6 15. b5 Nxe2+ 16. Nxe2 Nd4 17. Nxd4 Bxd4 18. Bh6 Bg7 19. Bxg7 Kxg7 20. d4 cxd4 21.
Qxd4+ e5 22. Qd3 Rc8 23. Rfd1 Rfd8 24. Rd2 Qe6 25. Rc1 Rc5 26. h4 Bc8 27. Kh2 Qe7 28. a4 Be6 29. Bh3 Bxh3 30. Kxh3 Qe6+ 31. Kg2 Rdc8 32.
Qxd6 Qxd6 33. Rxd6 Rxc4 34. Rxc4 Rxc4 35. a5 bxa5 36.
Ra6 Rxe4 37. Rxa7 a4 38. b6 Rb4 39. b7 a3 40. Rxa3 Rxb7 41. Ra6 Rb3 42. Ra5 e4 43. Ra4 f5 44. Ra5 Rb7 45. Re5 Kh6 46. Re8 Kh5 47.
Rc8 Kg4 48. Rc2 Rb3 49. Ra2 Rf3 50. Ra4 Rb3 51. Ra7 Rb2 52. Ra3 Re2 53. Kf1 Rd2 54.
Kg2 h6 55. Rb3 g5 56. hxg5 hxg5 57. Ra3 f4 58. gxf4 gxf4 59. Kg1 Rd3 60. Ra1 Kf3 61. Rb1 Ke2 62. Rb4 Rd1+ 63. Kg2 f3+ 64. Kg3 e3 0-1

[Event "*** SCC Grand Prix: Titled Tuesday Blitz"]
[Site "Chess.com"]
[Date "2020.07.07"]
[Round "5"]
[White "poppy73"]
[Black "guillembaches"]
[Result "1-0"]
[WhiteElo "2221"]
[BlackElo "2412"]
[TimeControl "180+1"]
[EndTime "10:57:21 PDT"]
[Termination "poppy73 won on time"]

1. e4 c5 2. Nf3 d6 3. d4 cxd4 4. Nxd4 Nf6 5. Nc3 Nc6 6. g3 Nxd4 7. Qxd4 g6 8. Bg2 Bg7 9. O-O O-O 10. Be3 Ng4 11. Qd2 Nxe3 12. Qxe3 Be6 13. Rad1 Qa5 14. a3 Bxc3 15. Qxc3 Qxc3 16. bxc3 Rac8 17. Rb1 b6 18. a4 Rxc3 19. Rb2 Rfc8 20. Rc1 Kg7 21. Bf1 R8c5 22. Bb5 f5 23. exf5 Bxf5 24. Re1 Kf6 25. Rb4 Rxc2 26. g4 Be6 27. Rf4+ Kg5 28. Rfe4 Bxg4 29.
Rxe7 Rc1 30. Rxc1 Rxc1+ 31. Kg2 h5 32. Rxa7 Bf5 33. Kf3 d5 34. Rb7 d4 35. Rxb6 Rc3+ 36.
Ke2 d3+ 37. Kd1 Ra3 38. Rd6 Kf4 39. Kd2 Ra2+ 40. Kc3 Rc2+ 41. Kb3 d2 42. Be2 g5 43. Bd1 Rc1 44. Rxd2 Be6+ 45. Kb2 Rc5 46. Bxh5 g4 47. Bg6 Kf3 48. Bc2 Rc8 49. Ka3 Bc4 50. Bd1+ Kf4 51. Rd4+ Ke5 52. Rxg4 Be6 53. Rb4 Rc1 54. Bb3 Bf5 55.
a5 Ra1+ 56. Ba2 1-0

[Event "*** SCC Grand Prix: Titled Tuesday Blitz"]
[Site "Chess.com"]
[Date "2020.07.07"]
[Round "5"]
[White "jaskol95"]
[Black "Haykoooo0o"]
[Result "1-0"]
[WhiteElo "2402"]
[BlackElo "2524"]
[TimeControl "180+1"]
[EndTime "10:57:24 PDT"]
[Termination "jaskol95 won on time"]

1. d4 Nf6 2. c4 c5 3. d5 b5 4. cxb5 a6 5. Nc3 g6 6. e4 Bg7 7. f4 O-O 8. e5 Ne8 9. Nf3 d6 10.
Bc4 Nd7 11. Qe2 Nb6 12. b3 Nc7 13. bxa6 Nxc4 14. bxc4 Bxa6 15. O-O dxe5 16. Nxe5 Nxd5 17. Nxd5 Qxd5 18. cxd5 Bxe2 19. Re1 Bb5 20. Be3 Rfc8 21.
Rab1 Be8 22. Rbc1 f6 23. Nc6 Bxc6 24. dxc6 Rxc6 25. Rxc5 Re6 26. Rc2 Kf7 27. Bf2 Rxe1+ 28. Bxe1 Ra4 29. g3 h5 30. Kg2 Bf8 31. Rb2 g5 32.
fxg5 fxg5 33. Bb4 Bg7 34. Rf2+ Bf6 35. a3 Kg6 36. Re2 Ra7 37. Ra2 Ra4 38. Kf3 g4+ 39. Ke3 Kf5 40. Rf2+ Ke6 41. Kd3 Ra8 42. Kc4 Rc8+ 43.
Kb5 Kd5 44. Rd2+ Ke4 45. a4 Kf3 46. a5 e5 47. a6 e4 48. Rd6 Be5 49. Rd5 Bb8 50.
Rxh5 e3 51. Rh7 Re8 52. a7 Bxa7 53. Rxa7 Kg2 54. Ra1 Kxh2 55. Be1 Kg2 56. Kc4 Kf3 57. Kd4 Rd8+ 58. Ke5 Ke2 59. Kf5 Kf3 60. Ke5 Re8+ 61. Kf5 Rf8+ 62. Kg5 Rg8+ 63. Kf5 1-0

[Event "*** SCC Grand Prix: Titled Tuesday Blitz"]
[Site "Chess.com"]
[Date "2020.07.07"]
[Round "5"]
[White "Gennady_Kozlov"]
[Black "lucachess49"]
[Result "1-0"]
[WhiteElo "2534"]
[BlackElo "2382"]
[TimeControl "180+1"]
[EndTime "10:57:25 PDT"]
[Termination "Gennady_Kozlov won by resignation"]

1. b3 d6 2. Bb2 Nd7 3. e3 Ngf6 4. f4 g6 5. Nf3 Bg7 6. Be2 O-O 7. O-O b6 8. Nc3 Bb7 9. Qe1 e5 10. fxe5 dxe5 11.
d3 e4 12. Nd4 exd3 13. cxd3 c5 14. Ndb5 Ne5 15. Rd1 a6 16. Na3 Re8 17. h3 Nd5 18. Nxd5 Qxd5 19. Qf2 b5 20. Nb1 Rad8 21. Bxe5 Bxe5 22.
Bf3 Qd7 23. Bxb7 Qxb7 24. d4 Bd6 25. Nc3 cxd4 26. exd4 f5 27. g4 fxg4 28. hxg4 Bb4 29. Ne2 Rf8 30. Qg3 Qe4 31. Qe5 Qxg4+ 32. Ng3 Rfe8 33.
Qf4 Qxf4 34. Rxf4 Bd6 35. Rg4 Bxg3 36. Rxg3 Re6 37. a4 Red6 38. Rg4 bxa4 39. bxa4 Rd5 40.
Re4 Rb8 41. Re6 a5 42. Re7 Rb4 43. Rc1 Rd8 44. Rcc7 Rbxd4 45. Rg7+ Kf8 46. Rxh7 Kg8 47. Rcg7+ Kf8 48. Ra7 Kg8 49. Rhg7+ Kf8 50. Rxg6 Rd1+ 51. Kf2 R1d2+ 52. Ke3 R2d3+ 53. Kf4 R3d4+ 54. Kg5 Rd1 55. Rf6+ Kg8 56. Rg6+ Kf8 57. Rxa5 Rg1+ 58. Kh6 Rxg6+ 59. Kxg6 Ke7 60. Kf5 Kd6 61. Ke4 Kc6 62. Rf5 Kb6 63. Re5 Rd7 64. Kf5 Rd8 65. Kf6 Rd1 66. Ke6 Rd2 67. Re4 Rd1 68. Rb4+ Ka5 69. Rc4 Ra1 70.
Kd5 Rxa4 71. Rc8 Rb4 72. Kc5 Rb5+ 73. Kc4 Rb4+ 74. Kc3 Rh4 75. Rc4 Kb5 76. Rxh4 1-0

[Event "*** SCC Grand Prix: Titled Tuesday Blitz"]
[Site "Chess.com"]
[Date "2020.07.07"]
[Round "5"]
[White "FLamps8"]
[Black "Gloomy_Wanderer"]
[Result "0-1"]
[WhiteElo "2581"]
[BlackElo "2755"]
[TimeControl "180+1"]
[EndTime "10:57:26 PDT"]
[Termination "Gloomy_Wanderer won by resignation"]

1. d4 Nf6 2. c4 e6 3. Nf3 d5 4. Nc3 Bb4 5. Bg5 h6 6. Bxf6 Qxf6 7. e3 O-O 8. Bd3 dxc4 9. Bxc4 c5 10. a3 Ba5 11. O-O cxd4 12. Qxd4 Qxd4 13. Nxd4 a6 14. b4 Bb6 15. Rac1 Bd7 16. Rfd1 Rc8 17. Be2 Nc6 18. Nf5 Rc7 19. Nd6 Ne5 20. Nce4 Rxc1 21. Rxc1 Bc6 22. Nc5 Bxc5 23. Rxc5 Nd7 24. Rc3 Nb6 25. Bf3 Rd8 26. Bxc6 Rxd6 27. Bf3 Rd7 28. g3 Kf8 29. h4 Ke7 30. Kg2 Kd8 31. g4 g5 32. hxg5 hxg5 33.
Rc1 Rc7 34. Rh1 Ke7 35. Rh5 Kf6 36. Rh8 Nc4 37. a4 Nd6 38. Rd8 Ke7 39. Rg8 Kf6 40. Rd8 Ke5 41. Kg3 b5 42. a5 Rc4 43. Ra8 Rxb4 44. Rxa6 Ra4 45. Ra8 b4 46. a6 b3 47.
Rb8 Rxa6 48. Rxb3 Ra2 49. Rc3 Rd2 50. Rc5+ Kf6 51. Ra5 Nc4 52. Rc5 Ne5 53. Ra5 Nd3 54. Ra1 Nxf2 55. Rf1 Nd3 56. Be4+ Kg7 57. Bxd3 Rxd3 58.
Kf3 Ra3 59. Rb1 Kf6 60. Rb5 Ra1 61. Kf2 Ra2+ 62. Kf3 Ra8 63. Rc5 Rf8 64. Rb5 Kg6 65.
Rb6 Rd8 66. Ra6 Rd5 67. Rb6 Kf6 68. Ra6 Ke5 69. Ra7 f6 70. Ra6 f5 71. Ra4 Rb5 72.
Rc4 Rb3 73. Rc5+ Kf6 74. gxf5 exf5 75. Rc6+ Kf7 76. Rc5 Kg6 77. Rc6+ Kh5 78. Rc5 f4 79. Re5 Rxe3+ 80. Rxe3 fxe3 0-1

[Event "*** SCC Grand Prix: Titled Tuesday Blitz"]
[Site "Chess.com"]
[Date "2020.07.07"]
[Round "5"]
[White "harlem4brew"]
[Black "tamarozi99"]
[Result "0-1"]
[WhiteElo "2111"]
[BlackElo "1986"]
[TimeControl "180+1"]
[EndTime "10:57:31 PDT"]
[Termination "tamarozi99 won by checkmate"]

1. e4 c5 2. Nf3 Nc6 3. d4 cxd4 4. Nxd4 g6 5. Nc3 Bg7 6. Be3 Nf6 7. f3 O-O 8. Qd2 d5 9. Nxc6 bxc6 10. e5 Nd7 11. f4 e6 12. Na4 Nxe5 13. fxe5 Qh4+ 14. g3 Qxa4 15. Bg2 Bxe5 16. c3 Ba6 17. Kf2 Qb5 18. Bf1 Qb7 19. Bg2 Rab8 20. Rab1 Qc7 21. Rhe1 h5 22. Kg1 h4 23. Bh6 hxg3 24. h3 Bg7 25. Bf4 e5 26. Bxg3 Qb6+ 27. Bf2 Qc7 28. Bg3 Rbe8 29. Kh2 Qb7 30. b3 e4 31.
b4 Bd3 32. Rb2 Qb5 33. a4 Qc4 34. Rc1 e3 35. Qe1 e2 36. b5 cxb5 37. Rb4 Qc6 38. axb5 Qc5 39. Qd2 Bxb5 40. Rcb1 Bc4 41. Qe1 a5 42.
Bf2 Qc7+ 43. Bg3 Be5 44. Rb7 Bxg3+ 45. Qxg3 Qxg3+ 46. Kxg3 e1=Q+ 47. Rxe1 Rxe1 48. Kf2 Ra1 49. Bf3 Ra2+ 50. Kg3 a4 51. Ra7 a3 52. Kf4 Ra1 53. Kg5 Kg7 54. h4 Rg1+ 55. Kf4 a2 56. Ke3 a1=Q 57.
Rxa1 Rxa1 58. Kd4 Ra4 59. h5 Be2+ 60. Ke3 Bxf3 61. Kxf3 gxh5 62. Kg3 Rc4 63. Kh3 Rxc3+ 64. Kh4 Rc4+ 65. Kg5 f6+ 66. Kf5 Rc1 67. Ke6 Ra8 68.
Ke7 d4 69. Ke6 d3 70. Kf5 Rc6 71. Ke4 d2 72. Kf3 Ra4 73. Ke2 d1=Q+ 74. Kxd1 Ra2 75.
Ke1 Rc1# 0-1

[Event "*** SCC Grand Prix: Titled Tuesday Blitz"]
[Site "Chess.com"]
[Date "2020.07.07"]
[Round "5"]
[White "Kaua18"]
[Black "Irishchessman16"]
[Result "1-0"]
[WhiteElo "2223"]
[BlackElo "2414"]
[TimeControl "180+1"]
[EndTime "10:57:35 PDT"]
[Termination "Kaua18 won on time"]

1. e4 e5 2. Nf3 Nc6 3. d4 exd4 4. Bc4 Nf6 5. e5 Ne4 6. Qe2 Nc5 7. c3 dxc3 8. O-O Be7 9. Nxc3 O-O 10. Bf4 Ne6 11. Bg3 b6 12. Rfd1 Bb7 13. Nd5 Na5 14. Nxe7+ Qxe7 15. Bd5 Bxd5 16. Rxd5 Nb7 17. Rad1 Rfd8 18. Qd2 Nbc5 19. Nd4 Ne4 20. Qc2 Nxg3 21. hxg3 Nxd4 22.
R1xd4 c6 23. Rd6 Qxe5 24. Rxd7 Rxd7 25. Rxd7 c5 26. Qc4 Qe6 27. Qxe6 fxe6 28. Re7 Kf8 29.
Rxe6 Rd8 30. Re2 Rd1+ 31. Kh2 Ra1 32. a3 Ra2 33. g4 Kf7 34. Kg3 c4 35. Rc2 Ke6 36. Kf4 Kd5 37. Ke3 Kc5 38. Kd2 b5 39.
Kc3 Ra1 40. Re2 Rd1 41. Re5+ Kd6 42. Rxb5 Rf1 43. Rf5 Rg1 44. g3 Rc1+ 45. Kb4 Rb1 46. Kc3 Rc1+ 47. Kb4 Rb1 48. Kxc4 Rxb2 49. a4 a5 50. Rf7 Rb4+ 51. Kc3 Rxg4 52. Kb3 Rg5 53. Rf4 Kc5 54. Rc4+ Kd5 55. Rf4 Kc5 56. g4 h5 57.
gxh5 Rxh5 58. f3 Rg5 59. Rf7 Rg3 60. Rc7+ Kd4 61. Rc4+ Ke3 62. Rc3+ Kf4 63. Kc4 Rxf3 64. Rc2 Ra3 65. Kb5 g5 66. Kxa5 g4 67. Kb5 g3 68. a5 Kf3 69. a6 g2 70. Rc1 Rb3+ 71. Ka5 Ra3+ 72. Kb6 Kf2 73. Ka7 Rc3 74. Ra1 Rb3 75.
Ka8 g1=Q 76. a7 1-0

[Event "*** SCC Grand Prix: Titled Tuesday Blitz"]
[Site "Chess.com"]
[Date "2020.07.07"]
[Round "5"]
[White "csati17"]
[Black "Mikasinski"]
[Result "1/2-1/2"]
[WhiteElo "2642"]
[BlackElo "2443"]
[TimeControl "180+1"]
[EndTime "10:57:37 PDT"]
[Termination "Game drawn - insufficient material"]

1. c4 e5 2. g3 Nc6 3. Bg2 Bc5 4. Nc3 d6 5. e3 Bf5 6. Nge2 Nb4 7. d4 Nc2+ 8. Kf1 Nxa1 9. dxc5 dxc5 10. Qa4+ Qd7 11. Bxb7 Qxa4 12. Nxa4 Rb8 13. Bc6+ Bd7 14. Bxd7+ Kxd7 15.
Nxc5+ Kc6 16. Nd3 f6 17. b4 Rd8 18. b5+ Kb6 19. Nb2 Nc2 20. Nc3 Ne7 21. Ke2 c6 22.
Nba4+ Kc7 23. Nc5 Kb8 24. a4 cxb5 25. axb5 Rc8 26. N3a4 Rhd8 27. Na6+ Ka8 28. c5 Nd5 29. Bd2 Nc7 30. Nxc7+ Rxc7 31. b6 axb6 32. Nxb6+ Kb7 33. Rb1 Kc6 34. Rc1 Na3 35. Bb4 Nb5 36. Nc4 Ra8 37. Na5+ Kd7 38. c6+ Ke6 39. Rd1 Rxa5 40. Bxa5 Rxc6 41. Rd8 Nd6 42. Bb4 Rc2+ 43. Kf1 Ne4 44.
Be1 Rc1 45. f3 Nc5 46. Rc8 Nd3 47. Rxc1 Nxc1 48. Bb4 Nd3 49. Ba3 Kd5 50. e4+ Kd4 51. Ke2 g6 52. h4 f5 53. exf5 gxf5 54. Be7 e4 55. fxe4 Kxe4 56. Bf6 Nc5 57. Kf2 Ne6 58.
Bh8 Nf8 59. Bf6 Ng6 60. h5 Ne5 61. Kg2 Ng4 62. Bb2 h6 63. Kh3 Nf2+ 64. Kh4 Kf3 65.
Bc1 Ng4 66. Kh3 Nf2+ 67. Kh4 Ng4 68. Bf4 Ke4 69. Bd2 Kf3 70. Bxh6 Nxh6 71. Kg5 Kxg3 72.
Kxh6 f4 73. Kg6 f3 74. h6 f2 75. h7 f1=Q 76. h8=Q Qd3+ 77. Kg7 Qd4+ 78. Kg8 Qxh8+ 79. Kxh8 1/2-1/2

[Event "*** SCC Grand Prix: Titled Tuesday Blitz"]
[Site "Chess.com"]
[Date "2020.07.07"]
[Round "5"]
[White "SGchess01"]
[Black "Man-Chuk"]
[Result "1-0"]
[WhiteElo "2634"]
[BlackElo "2844"]
[TimeControl "180+1"]
[EndTime "10:57:42 PDT"]
[Termination "SGchess01 won by resignation"]

1. d4 Nf6 2. Bf4 g6 3. Nc3 d5 4. e3 Bg7 5. h4 h5 6. Nf3 Bg4 7. Be2 c6 8. Ne5 Bxe2 9. Qxe2 Nfd7 10. O-O-O Nxe5 11. Bxe5 Bxe5 12. dxe5 Nd7 13. e4 e6 14. exd5 cxd5 15. Nb5 Kf8 16. f4 Nc5 17. Nd6 Qa5 18. Kb1 Qb4 19. Rh3 Kg7 20. a3 Qb6 21. Rg3 Kf8 22. Rc3 Rd8 23. g3 Kg7 24. Qe3 Na4 25.
Rb3 Qxe3 26. Rxe3 Rd7 27. c4 Nb6 28. c5 Nc8 29. b4 Ne7 30. b5 Rc7 31. Rc3 Nf5 32.
Kb2 d4 33. Nxf5+ gxf5 34. Rxd4 Rhc8 35. Rdc4 Rd8 36. Kc2 Rd5 37. a4 a6 38. bxa6 bxa6 39. c6 f6 40. exf6+ Kxf6 41. Rd3 Ke7 42. Rb3 Kd6 43. Rb8 Rxc6 44. Rd8+ Ke7 45. Rxc6 Rxd8 46.
Rxa6 Rg8 47. Ra7+ Kf6 48. Rd7 Rxg3 49. Rd3 Rg4 50. a5 Rxf4 51. Ra3 Rc4+ 52. Kd3 Rc7 53. a6 Ra7 54. Kd4 e5+ 55. Kd5 f4 56. Ke4 Ke6 57. Ra5 Kf6 58. Ra4 Ke6 59. Ra2 Kd6 60.
Ra5 Kc6 61. Kxe5 f3 62. Ra2 f2 63. Rxf2 Re7+ 64. Kf6 Re4 65. Ra2 Re8 66. a7 Ra8 67. Kg5 Kb7 68. Kxh5 Rh8+ 69. Kg5 Ka8 70. h5 Rg8+ 71.
Kh4 Rh8 72. Ra6 Rh7 73. h6 Rh8 74. Kh5 Re8 75. h7 Rh8 76. Kh6 Rc8 77. Rg6 Rc1 78.
h8=Q+ Kxa7 79. Qg7+ Rc7 80. Qxc7+ 1-0

[Event "*** SCC Grand Prix: Titled Tuesday Blitz"]
[Site "Chess.com"]
[Date "2020.07.07"]
[Round "5"]
[White "PetrolulSah"]
[Black "Veiso"]
[Result "1/2-1/2"]
[WhiteElo "2177"]
[BlackElo "2379"]
[TimeControl "180+1"]
[EndTime "10:57:45 PDT"]
[Termination "Game drawn by repetition"]

1. d4 d5 2. Nf3 Nf6 3. g3 e6 4. Bg2 Be7 5. O-O O-O 6. c4 dxc4 7. Qc2 a6 8. a4 Bd7 9. Ne5 Bc6 10. Nxc6 Nxc6 11. Bxc6 bxc6 12. Qxc4 Qd5 13. Qd3 c5 14. Rd1 Rfd8 15. Be3 cxd4 16. Bxd4 c5 17. Bxf6 Qxd3 18. Rxd3 Rxd3 19. exd3 Bxf6 20. Nc3 Rb8 21. Ne4 Bd4 22. Rc1 Rxb2 23. Nxc5 Bxf2+ 24. Kh1 Bxc5 25. Rxc5 g6 26. Rc6 a5 27. Rc5 Rd2 28. Rxa5 Rxd3 29. Kg2 Rd2+ 30.
Kg1 h5 31. h4 Kg7 32. Ra7 Ra2 33. a5 e5 34. a6 e4 35. Re7 Rxa6 36. Rxe4 Ra2 37.
Rb4 Kf6 38. Rf4+ Ke6 39. Re4+ Kd6 40. Re3 f6 41. Rf3 Ke5 42. Kf1 g5 43. hxg5 fxg5 44. Rf8 Rh2 45. Kg1 Ra2 46. Kf1 Ke4 47. Kg1 g4 48. Rf7 Ra3 49. Kg2 Ra2+ 50. Kg1 Ra5 51.
Kg2 Rf5 52. Re7+ Re5 53. Rf7 Rf5 54. Re7+ Kd5 55. Re8 Re5 56. Rf8 Re2+ 57. Kf1 Re5 58. Kg2 Ke6 59. Rf4 Rf5 60. Ra4 Kf6 61. Ra6+ Kg5 62.
Ra4 Rb5 63. Rc4 h4 64. gxh4+ Kxh4 65. Rc3 Rb2+ 66. Kg1 Ra2 67. Rd3 Re2 68. Rd1 Kh3 69. Rd3+ g3 70. Rd1 Ra2 71. Rc1 Rg2+ 72. Kh1 Rd2 73. Kg1 Ra2 74. Rb1 Ra3 75. Kh1 Rf3 76. Kg1 g2 77. Rc1 Kg3 78. Rb1 Re3 79. Rc1 Kf3 80.
Rb1 Rd3 81. Ra1 Re3 82. Rb1 Re2 83. Rb3+ Re3 84. Rb1 1/2-1/2